 Dungeon Crawl Stone Soup version 0.17-a0-1655-g88a8506 (webtiles) character file.

1681 kae the Carver (level 8, -3/64 HPs)
             Began as a Minotaur Fighter on Aug 15, 2015.
             Was a Believer of Okawaru.
             Slain by kae's ghost (10 damage)
             ... on level 7 of the Dungeon.
             The game lasted 00:07:10 (5770 turns).

kae the Carver (Minotaur Fighter)                   Turns: 5770, Time: 00:07:10

Health: -3/64      AC:  9    Str: 21    XL:     8   Next: 71%
Magic:  0/7        EV: 10    Int:  7    God:    Okawaru [**....]
Gold:   326        SH: 11    Dex: 10    Spells: 0 memorised, 7 levels left

rFire  x . .     SeeInvis .     a - +1 long sword
rCold  + . .     Clarity  .     b - +1 scale mail
rNeg   . . .     SustAt   .     c - +0 shield
rPois  +         Gourm    .     (helmet restricted)
rElec  .         Spirit   +     (no cloak)
rCorr  .         Warding  .     (no gloves)
rMut   .         Stasis   .     (no boots)
MR     .....                    p - amulet of guardian spirit
Stlth  +.........               e - ring of poison resistance
                                k - ring of ice

@: heroism, not resistant to hostile enchantments, very unstealthy
A: retaliatory headbutt, horns 2
a: Heroism, Renounce Religion


You were on level 7 of the Dungeon.
You worshipped Okawaru.
Okawaru was pleased with you.
You were very hungry.

You visited 2 branches of the dungeon, and saw 8 of its levels.
You also visited: Sewer.

You collected 326 gold pieces.

Inventory:

Hand weapons
 a - a +1 long sword (weapon)
Armour
 b - a +1 scale mail (worn)
 c - a +0 shield (worn)
Jewellery
 e - a ring of poison resistance (right hand)
 f - an uncursed amulet of resist mutation
 k - a ring of ice (left hand)
 p - an amulet of guardian spirit (around neck)
 w - an uncursed ring of flight
 E - an uncursed amulet of the gourmand
Magical devices
 v - a wand of polymorph (21)
 G - a wand of confusion (20)
Scrolls
 g - 2 scrolls of magic mapping
 h - 9 scrolls of teleportation
 i - 2 scrolls of identify
 l - 2 scrolls of remove curse
 m - a scroll of amnesia
 q - 2 scrolls of enchant weapon
 s - a scroll of blinking
Potions
 n - a potion of magic
 r - 4 potions of curing
 x - 2 potions of degeneration
 D - 2 potions of ambrosia
Comestibles
 d - a slice of pizza
 j - 3 beef jerkies
 u - 2 meat rations
 z - 3 bread rations
 B - a royal jelly
 C - 11 fruits


   Skills:
 - Level 3.6(8.6) Fighting
 + Level 13.0(18.0) Long Blades
 - Level 3.6(8.6) Armour
 - Level 3.6(8.6) Shields


You had 7 spell levels left.
You didn't know any spells.

Dungeon Overview and Level Annotations

Branches:
Dungeon (7/15)             Temple (1/1) D:5

Altars:
Ashenzari
Cheibriados
Dithmenos
Elyvilon
Fedhas
Gozag
Kikubaaqudgha
Makhleb
Nemelex Xobeh
Okawaru
Qazlal
Ru
Sif Muna
Vehumet
Yredelemnul
The Shining One

Annotations:
D:7 kae's ghost, experienced MiFi


Innate Abilities, Weirdness & Mutations

You reflexively headbutt those who attack you in melee.
You have a pair of horns on your head.


Message History

* * * LOW HITPOINT WARNING * * *
You barely miss kae's ghost. Your headbutt misses kae's ghost.
Kae's ghost is almost destroyed.
You block kae's ghost's attack.
You hit kae's ghost but do no damage.
Kae's ghost is almost destroyed.
You hit kae's ghost but do no damage. Your headbutt misses kae's ghost.
Kae's ghost is almost destroyed.
You block kae's ghost's attack.
You hit kae's ghost but do no damage.
Kae's ghost is almost destroyed.
Kae's ghost hits you!
* * * LOW HITPOINT WARNING * * *
You hit kae's ghost but do no damage.
Kae's ghost is almost destroyed.
You block kae's ghost's attack.
You hit kae's ghost but do no damage.
Kae's ghost is almost destroyed.
Kae's ghost hits you!
You die...

.########.#####
...............
##<..## #.....#
#####.##...#
#.....# .....#
###.##### ....>
###...# ..(..
#.@.### ....
#.W### .... #.#
#.. ... ..#.
.#.. #..


You could see kae's ghost.

Vanquished Creatures
  Grinder (D:6)
  A spider (D:6)
  A necrophage (D:5)
  2 centaurs (D:5)
  2 ogres
  3 giant frogs
  A giant frog zombie (D:5)
  An orc priest (D:3)
  2 hounds (D:4)
  5 worker ants
  3 iguanas (D:5)
  An orc wizard (D:6)
  A killer bee zombie (D:5)
  A worker ant zombie (D:5)
  7 gnolls
  8 adders
  8 oozes
  6 worms
  22 giant geckos
  17 orcs
  11 ball pythons
  7 bats
  15 giant cockroaches
  9 hobgoblins
  4 jackals (D:6)
  8 kobolds
  21 giant newts
  8 goblins
  4 quokkas
  A quokka skeleton (D:5)
  8 rats
189 creatures vanquished.

Notes
Turn   | Place    | Note
--------------------------------------------------------------
     0 | D:1      | kae the Minotaur Fighter began the quest for the Orb.
     0 | D:1      | Reached XP level 1. HP: 19/19 MP: 0/0
   201 | D:1      | Reached XP level 2. HP: 20/26 MP: 1/1
   213 | D:1      | Reached skill level 4 in Long Blades
   437 | D:2      | Reached XP level 3. HP: 17/31 MP: 2/2
   866 | D:2      | Reached skill level 5 in Long Blades
   951 | D:2      | Found a radiant altar of Vehumet.
  1140 | D:3      | Reached XP level 4. HP: 39/39 MP: 3/3
  1715 | D:3      | Reached skill level 6 in Long Blades
  1724 | D:3      | Reached XP level 5. HP: 27/45 MP: 4/4
  2192 | D:4      | Reached skill level 7 in Long Blades
  2475 | D:4      | Reached XP level 6. HP: 45/51 MP: 5/5
  2634 | D:4      | Reached skill level 8 in Long Blades
  2957 | D:4      | Found an iron altar of Okawaru.
  3194 | D:5      | Entered Level 5 of the Dungeon
  3249 | D:5      | Reached skill level 9 in Long Blades
  3522 | D:5      | Reached XP level 7. HP: 55/57 MP: 6/6
  3831 | D:5      | Found a staircase to the Ecumenical Temple.
  3904 | Temple   | Entered the Ecumenical Temple
  4040 | D:4      | Became a worshipper of Warmaster Okawaru
  4102 | D:5      | Reached skill level 10 in Long Blades
  4103 | D:5      | Found a shadowy altar of Dithmenos.
  4688 | D:6      | Noticed Grinder
  4749 | D:6      | Killed Grinder
  4749 | D:6      | Acquired Okawaru's first power
  4749 | D:6      | Reached skill level 11 in Long Blades
  4749 | D:6      | Reached XP level 8. HP: 49/64 MP: 7/7
  4903 | D:6      | Reached skill level 12 in Long Blades
  4959 | D:6      | Found a glowing drain.
  4983 | Sewer    | Entered a sewer
  5492 | D:6      | Reached skill level 13 in Long Blades
  5496 | D:6      | Found a sacrificial altar of Ru.
  5726 | D:7      | Noticed kae's ghost (experienced MiFi)
  5770 | D:7      | Slain by kae's ghost

Vault maps used:
D:1:      saegor_arrival_simple_e
D:2:      vehumet_crystals, kennysheep_generic_room_12
D:4:      okawaru_altar_gauntlet_db
D:5:      nicolae_dithmenos_shadow_blocks, minmay_temple_entry_trees,
          first_bread
D:6:      lemuel_doored_altar, serial_glass, glass_columns_a, glass_columns_a,
          glass_columns_b, glass_columns_b, glass_columns_c, glass_columns_a,
          glass_columns_a, glass_columns_a, portal_sewer_entry_f, uniq_grinder
D:7:      nicolae_overflow_crystal_walls, lemuel_crystal_altar,
          nicolae_zen_rock_garden
Temple:   eino_temple_water_12
Sewer:    sewer_frog_island_02

Action                   |  1- 3 |  4- 6 |  7- 9 || total
-------------------------+-------+-------+-------++-------
Melee: Long sword        |   100 |   156 |   356 ||   612
Invok: Heroism           |       |       |     1 ||     1
Evoke: Wand              |       |       |     4 ||     4
  Use: Potion            |       |     1 |     5 ||     6
       Scroll            |       |       |    15 ||    15
 Stab: Invisible         |       |       |     1 ||     1
  Eat: Chunk             |       |     3 |     8 ||    11
       Bread ration      |       |     1 |       ||     1
